 Dungeon Crawl Stone Soup version 0.24-a0-640-ge7cd8ce796 (webtiles) character file.

Game seed: 2549707137849818057, levelgen mode: deterministic

1153 Kohma the Poker (level 8, -7/60 (61) HPs)
             Began as a Demonspawn Gladiator on Sept 25, 2019.
             Was an Initiate of Yredelemnul.
             Killed from afar by an electric eel (8 damage)
             ... with a bolt of electricity
             ... on level 6 of the Dungeon.
             The game lasted 00:14:45 (6116 turns).

Kohma the Poker (Demonspawn Gladiator)              Turns: 6116, Time: 00:14:46

HP:   -7/60 (61)    AC:  8    Str: 22    XL:     8   Next: 16%
MP:   8/8           EV: 19    Int: 10    God:    Yredelemnul [......]
Gold: 320           SH:  0    Dex: 21    Spells: 7/7 levels left

rFire    . . .     SeeInvis .   a - +1 trident
rCold    . . .     Gourm    .   (no shield)
rNeg     . . .     Faith    .   i - +0 ring mail
rPois    .         Spirit   .   c - +0 helmet
rElec    .         Reflect  .   s - +0 cloak
rCorr    .         Harm     .   (no gloves)
MR       .....                  q - +0 pair of boots
Stlth    +++.......             (no amulet)
HPRegen  0.20/turn              (no ring)
MPRegen  0.11/turn              (no ring)

@: mighty, agile
A: claws 1, thin skeletal structure 1, powered by death 1, powered by pain 3
a: Renounce Religion


You were on level 6 of the Dungeon.
You worshipped Yredelemnul.
Yredelemnul was noncommittal.
You were very hungry.

You visited 2 branches of the dungeon, and saw 7 of its levels.

You collected 320 gold pieces.

Inventory:

Hand Weapons
 a - a +1 trident (weapon)
Armour
 c - a +0 helmet (worn)
 i - a +0 ring mail (worn)
 q - a +0 pair of boots (worn)
 s - a +0 cloak (worn)
Wands
 w - a wand of polymorph (10)
Scrolls
 d - a scroll of remove curse
 n - a scroll of amnesia
 u - a scroll of teleportation
 v - a scroll of enchant weapon
Potions
 b - a potion of haste
 e - 2 potions of ambrosia
 h - 5 potions of brilliance
 l - a potion of berserk rage {unknown}
 m - a potion of heal wounds {unknown}
 o - a potion of curing {unknown}
 r - a potion of agility {unknown}
 t - a potion of invisibility {unknown}
Comestibles
 f - 9 rations


   Skills:
 + Level 4.9 Fighting
 * Level 7.1 Polearms
 - Level 1.7 Throwing
 - Level 0.7 Armour
 + Level 4.8 Dodging
 + Level 0.0 Invocations


You had 7 spell levels left.
You didn't know any spells.
Your spell library was empty.

Dungeon Overview and Level Annotations

Branches:
Dungeon (6/15)             Temple (1/1) D:4

Altars:
Ashenzari
Cheibriados
Dithmenos
Elyvilon
Fedhas
Gozag
Hepliaklqana
Kikubaaqudgha
Makhleb
Nemelex Xobeh
Ru
Sif Muna
Trog
Uskayaw
Vehumet
Wu Jian
Xom
Yredelemnul
Zin
The Shining One


Innate Abilities, Weirdness & Mutations

You have sharp fingernails.
You have a somewhat thin skeletal structure. (Dex +2, Stealth)
You regenerate a little health from kills.
You are powered by pain.


Message History

You are too injured to fight recklessly!
You are too injured to fight recklessly!
The electric eel shoots out a bolt of lightning at you!
The bolt of electricity misses you.
The bolt of electricity hits the plant!
The electric eel shoots out a bolt of lightning at you!
The bolt of electricity hits you!
* * * LOW HITPOINT WARNING * * *
You focus on the pain.
You feel more agile all of a sudden.
The bolt of electricity hits the plant. x2
You see here 13 gold pieces.
You puncture the electric eel!
The electric eel is heavily wounded.
The phantom blinks!
You puncture the electric eel!
The electric eel is almost dead.
The electric eel shoots out a bolt of lightning at you!
The bolt of electricity hits you!
You die...
Your body rises from the dead as a mindless zombie.

####.....#.##≈..≈..##≈#
#.[......#.#≈≈$PP...#≈#
#!##.##..#.#≈;;≈....#.#
#.##.##..#≈#≈≈.P...'#.#
#.##.#####≈##≈?$...#W.#
#.##...##≈##########≈##
#.##.#.#≈##≈)≈P..##≈≈#
#.##.#.#≈#;;?PW...#≈##
#.##.#.#.#≈(@.....#.#
#.##.###.#≈;.PP..'#.#
#####<##.###'##≈≈.≈..#§.#
....).##.##...########.##
.#######.###..# ### .#
#.# ##.# .# #.# #.# .#
#.# ##.##
.#######.###...#


You could see a phantom and 3 electric eels.

Vanquished Creatures
  Sigmund (D:3)
  Edmund (D:6)
  An orc warrior (D:6)
  A necrophage (D:5)
  2 scorpions (D:5)
  A jelly (D:5)
  A gnoll shaman (D:4)
  2 orc priests
  2 orc wizards (D:6)
  Crazy Yiuf (D:2)
  An iguana (D:4)
  Ijyb (D:2)
  2 worker ants
  A hound zombie (D:5)
  12 adders
  7 gnolls
  A shadow imp (D:3)
  2 oozes
  2 adder skeletons (D:5)
  A worm (D:4)
  3 dart slugs (D:1)
  2 leopard geckos
  12 orcs
  5 giant cockroaches
  8 hobgoblins
  5 jackals
  3 quokkas (D:3)
  2 ball pythons
  8 bats
  5 frilled lizards
  7 goblins
  7 kobolds
  9 rats
119 creatures vanquished.

Notes
Turn   | Place    | Note
-------+----------+-------------------------------------------
     0 | D:1      | Kohma the Demonspawn Gladiator began the quest for the Orb.
     0 | D:1      | Reached XP level 1. HP: 16/16 MP: 1/1
   192 | D:1      | Reached skill level 3 in Polearms
   328 | D:1      | Gained mutation: You sometimes gain a little power by
                  | taking damage. [demonic ancestry]
   328 | D:1      | Reached XP level 2. HP: 21/22 MP: 2/2
   623 | D:1      | Reached XP level 3. HP: 21/27 MP: 3/3
  1150 | D:2      | Reached skill level 4 in Polearms
  1402 | D:2      | Found a runed translucent door.
  1403 | D:2      | Noticed Crazy Yiuf
  1442 | D:2      | Gained mutation: You have sharp fingernails. [demonic
                  | ancestry]
  1442 | D:2      | Reached XP level 4. HP: 29/33 MP: 4/4
  1912 | D:3      | Noticed Ijyb
  1937 | D:2      | Killed Ijyb
  2195 | D:3      | Found a hazy altar of Hepliaklqana.
  2274 | D:3      | Gained mutation: You sometimes gain power by taking damage.
                  | [demonic ancestry]
  2274 | D:3      | Reached XP level 5. HP: 39/39 MP: 5/5
  2487 | D:3      | Noticed Sigmund
  2502 | D:3      | Killed Sigmund
  2502 | D:3      | Reached skill level 5 in Polearms
  2502 | D:3      | Gained mutation: You are powered by pain. [demonic
                  | ancestry]
  2502 | D:3      | Reached XP level 6. HP: 42/47 MP: 6/6
  2564 | D:2      | Killed Crazy Yiuf
  2925 | D:4      | Found a shadowy altar of Dithmenos.
  3302 | D:4      | Found a staircase to the Ecumenical Temple.
  3333 | D:4      | HP: 2/47 [gnoll/+0 whip (2)]
  3665 | Temple   | Entered the Ecumenical Temple
  3692 | Temple   | Became a worshipper of Yredelemnul the Dark
  3984 | D:4      | Found a glowing silver altar of Zin.
  4001 | D:4      | Gained mutation: You have a somewhat thin skeletal
                  | structure. (Dex +2, Stealth) [demonic ancestry]
  4001 | D:4      | Reached XP level 7. HP: 35/53 MP: 7/7
  4266 | D:4      | Reached skill level 6 in Polearms
  4738 | D:5      | Entered Level 5 of the Dungeon
  5565 | D:6      | Noticed Edmund
  5583 | D:6      | Killed Edmund
  5653 | D:6      | Gained mutation: You regenerate a little health from kills.
                  | [demonic ancestry]
  5653 | D:6      | Reached XP level 8. HP: 44/60 MP: 8/8
  5701 | D:6      | Reached skill level 7 in Polearms
  6114 | D:6      | HP: 1/60 [electric eel/bolt of electricity (15)]
  6116 | D:6      | Killed from afar by an electric eel

Levels and vault maps discovered:
D:1:      dpeg_arrival_brainrot, layout_basic, minmay_tree_intersection
D:2:      layout_basic, serial_bayou, serial_bayou_pond_a, serial_bayou_pond_a,
          serial_bayou_pond_e, serial_bayou_ford_a, first_ration,
          uniq_crazy_yiuf_cottage
D:3:      layout_basic, lemuel_crystal_altar, uniq_sigmund, uniq_ijyb
D:4:      layout_basic, overflow_temple_1_default, minmay_temple_entry_trees,
          hangedman_glass_teeth, nicolae_dithmenos_the_darkroom
D:5:      layout_gridville
D:6:      cheibrodos_two_vegetables, layout_loops_ring, gup_sewer_entry_bubbles,
          uniq_grinder, uniq_edmund
Temple:   hc_temple_tempest_star

Skill      XL: |  1  2  3  4  5  6  7  8 |
---------------+-------------------------+-----
Polearms       | 3 4 5 6 7 |  7.1
Dodging        | 3 4 |  4.8
Fighting       | 3 4 |  4.9
Throwing       | |  1.7
Armour         | |  0.7

Action                   |  1- 3 |  4- 6 |  7- 9 || total
-------------------------+-------+-------+-------++-------
Melee: Trident           |   104 |   263 |   173 ||   540
Throw: Throwing net      |       |     2 |     1 ||     3
  Use: Scroll            |       |     6 |     4 ||    10
       Potion            |       |     1 |       ||     1
 Stab: Held in net/web   |       |     1 |       ||     1
       Sleeping          |       |       |     2 ||     2
  Eat: Chunk             |     2 |     8 |     6 ||    16
Armor: Leather armour    |    15 |       |       ||    15
       Ring mail         |    26 |    84 |    37 ||   147
Dodge: Dodged            |    55 |   159 |    86 ||   300

Table legend:
 A = Non-vault XP
 B = Vault XP
 C = Vault XP percentage of total XP
 D = Non-vault monster count
 E = Vault monster count
 F = Vault count percentage of total count
                 A         B        C        D         E       F
            +---------+---------+-------+---------+---------+-------
      Total |    1199 |     449 |  27.2 |     115 |       4 |   3.4
            +---------+---------+-------+---------+---------+-------
        D:1 |      44 |       0 |   0.0 |      24 |       0 |   0.0
        D:2 |      94 |      75 |  44.4 |      19 |       2 |   9.5
        D:3 |     109 |     212 |  66.0 |      26 |       1 |   3.7
        D:4 |     294 |       0 |   0.0 |      23 |       0 |   0.0
        D:5 |     383 |       0 |   0.0 |      11 |       0 |   0.0
        D:6 |     275 |     162 |  37.1 |      12 |       1 |   7.7
            +---------+---------+-------+---------+---------+-------
